 Dungeon Crawl Stone Soup version 0.22.0-75-g3901e79 (webtiles) character file.

37338 peaced01 the Arsonist (level 13, -11/86 HPs)
             Began as a Pale Draconian Fire Elementalist on Sept 15, 2018.
             Was a High Priest of Sif Muna.
             Mangled by a komodo dragon (28 damage)
             ... on level 5 of the Lair of Beasts.
             The game lasted 01:14:00 (23706 turns).

peaced01 the Arsonist (DrFE)                       Turns: 23706, Time: 01:14:01

Health: -11/86     AC: 11    Str: 11    XL:     13   Next: 57%
Magic:  36/36      EV: 19    Int: 15    God:    Sif Muna [*****.]
Gold:   707        SH:  6    Dex: 17    Spells: 10/33 levels left

rFire    + + .     SeeInvis .   L - staff of fire
rCold    x . .     Gourm    .   c - +2 buckler
rNeg     . . .     Faith    .   (armour unavailable)
rPois    .         Spirit   .   (helmet restricted)
rElec    .         Reflect  .   (no cloak)
rCorr    .         Harm     .   a - +2 pair of gloves
MR       .....                  (no boots)
Stlth    +.........             (no amulet)
HPRegen  0.24/turn              P - ring of fire
MPRegen  0.25/turn              J - ring of magical power

@: studying Bows, very slow
A: breathe steam, unfitting armour, cold-blooded, AC +8
a: Breathe Steam, Divine Energy, Channel Magic, Forget Spell, Renounce Religion


You were on level 5 of the Lair of Beasts.
You worshipped Sif Muna.
Sif Muna was extremely pleased with you.
You were not hungry.

You visited 3 branches of the dungeon, and saw 18 of its levels.
You also visited: Ice Cave and Volcano.

You collected 1048 gold pieces.
You spent 341 gold pieces at shops.

Inventory:

Hand Weapons
 n - a +6 trident of flaming
Armour
 a - a +2 pair of gloves (worn)
 c - a +2 buckler (worn)
Magical Staves
 L - an uncursed staff of fire (weapon)
Jewellery
 e - an uncursed amulet of rage {unknown}
 f - a +4 ring of intelligence
 s - an uncursed ring of stealth
 w - an uncursed ring of protection from fire
 y - an uncursed amulet of rage {unknown}
 B - an uncursed ring of wizardry
 D - a +4 ring of strength
 E - a +2 ring of intelligence
 J - a ring of magical power (right hand)
 P - a ring of fire (left hand)
 S - an uncursed ring of magical power
Wands
 d - a wand of paralysis (12)
 p - a wand of digging (30)
 t - a wand of random effects (21)
 F - a wand of flame (21)
 N - a wand of iceblast (35)
 R - a wand of disintegration (13)
Scrolls
 i - a scroll of identify
 j - 13 scrolls of teleportation
 k - 2 scrolls of blinking
 l - 13 scrolls of remove curse
 m - 4 scrolls of magic mapping
 u - 3 scrolls of enchant armour
 H - 2 scrolls of fog
Potions
 g - 3 potions of heal wounds
 h - a potion of agility {unknown}
 o - a potion of resistance
 q - a potion of berserk rage
 r - 4 potions of might
 v - 4 potions of flight {unknown}
 x - 7 potions of curing
 z - 2 potions of haste
 C - a potion of invisibility {unknown}
 M - a potion of cancellation {unknown}
 O - 7 potions of brilliance
 Q - 2 potions of mutation {unknown}
Books
 I - a manual of Bows
Comestibles
 b - 7 rations


   Skills:
 + Level 10.6 Dodging
 - Level 1.7 Stealth
 + Level 10.6 Spellcasting
 + Level 11.3 Conjurations
 + Level 12.6 Fire Magic
 + Level 7.9 Invocations


You had 10 spell levels left.
You knew the following spells:

 Your Spells              Type           Power        Failure   Level  Hunger
a - Flame Tongue          Conj/Fire      #####        1%          1    None
b - Conjure Flame         Conj/Fire      #######.     1%          3    None
c - Sticky Flame          Conj/Fire      #######.     1%          4    ###....
d - Fireball              Conj/Fire      #######...   3%          5    #####..
e - Bolt of Fire          Conj/Fire      #######...   17%         6    ######.
f - Throw Icicle          Conj/Ice       ####....     14%         4    ###....

Your spell library contained the following spells:

 Spells                   Type           Power        Failure   Level  Hunger
 Magic Dart               Conj           ####         1%          1    None
 Shock                    Conj/Air       ####         1%          1    None
 Searing Ray              Conj           #####.       1%          2    None
 Throw Flame              Conj/Fire      ######       1%          2    None
 Iskenderun's Mystic Bla  Conj           #####...     1%          4    ###....
 Throw Frost              Conj/Ice       ####..       2%          2    None
 Inner Flame              Hex/Fire       ######..     3%          3    None
 Dazzling Spray           Conj/Hex       ####..       4%          3    None
 Static Discharge         Conj/Air       ####....     4%          3    None
 Ignite Poison            Fire/Tmut/Pois #####...     9%          3    None
 Force Lance              Conj/Tloc      ####....     14%         4    ###....
 Fulminant Prism          Conj/Hex       ####......   14%         4    ###....
 Freeze                   Ice            #...         16%         1    None
 Swiftness                Chrm/Air       #.......     22%         2    None
 Lightning Bolt           Conj/Air       ####......   38%         5    #####..
 Ozocubu's Armour         Chrm/Ice       #.......     41%         3    None
 Airstrike                Air            #.........   83%         4    ###....
 Summon Ice Beast         Ice/Summ       #.......     83%         4    ###....
 Ignition                 Fire           #######...   99%         8    #######
 Ring of Flames           Chrm/Fire      ######....   100%        7    #######


Dungeon Overview and Level Annotations

Branches:
Dungeon (11/15)            Temple (1/1) D:6            Lair (6/6) D:9
  Swamp (0/4) Lair:3        Snake (0/4) Lair:4        Slime (0/5) Lair:5
    Orc (0/2) D:11

Altars:
Ashenzari
Cheibriados
Dithmenos
Elyvilon
Fedhas
Gozag
Hepliaklqana
Kikubaaqudgha
Makhleb
Nemelex Xobeh
Okawaru
Qazlal
Ru
Sif Muna
Trog
Uskayaw
Vehumet
Wu Jian
Xom
Yredelemnul
Zin
The Shining One
Jiyva

Shops:
D:6 *   D:8 (   D:9 (

Annotations:
Lair:1 3 runed doors, Cylief's ghost, journeyman HaHu


Innate Abilities, Weirdness & Mutations

You can breathe blasts of scalding, opaque steam.
Your pale cyan-grey scales are hard. (AC +8)
You cannot fit into any form of body armour.
You are cold-blooded and may be slowed by cold attacks.


Message History

The seven-headed hydra barely misses you.
The seven-headed hydra bites you but does no damage. x2
The seven-headed hydra completely misses you. x2
The seven-headed hydra closely misses you. x2
The komodo dragon barely misses you.
The seven-headed hydra bites you but does no damage.
You block the seven-headed hydra's attack.
The seven-headed hydra completely misses you.
You block the seven-headed hydra's attack.
The seven-headed hydra completely misses you. x2
The seven-headed hydra bites you! You block the komodo dragon's attack.
The seven-headed hydra misses you.
The seven-headed hydra closely misses you.
The seven-headed hydra barely misses you.
The seven-headed hydra bites you but does no damage. x2
The seven-headed hydra bites you!
* * * LOW HITPOINT WARNING * * *
The seven-headed hydra bites you but does no damage.
The komodo dragon bites you!!
You die...

....###........≈≈.≈..##...#### ##
#'####..P....≈≈≈≈≈≈..#P..#.#P###.
.......P.....≈≈≈≈≈≈..........P..#
............≈≈≈≈≈≈...........<...
P...........≈≈≈≈≈≈...............
.P..#.#P....≈≈≈≈≈≈>..#.....#.#.#.
#...######..≈≈≈≈≈≈...#...########
#....# #...≈≈≈≈lD≈..P..#.#..##.#
##..## ##...≈≈≈@≈......P.#......
...P#####.....≈≈..#.##...........
#...P...#....#.#..###............
.....P..................###.##.#.
........................#########
...#.P....#..P..P###.....##P##.##
.P#..P..####P..### ##........#(P.
.#####..P##P...# ##........... .#
#..####...# #........P...


You could see a seven-headed hydra and a komodo dragon.

Vanquished Creatures
  Erica (D:11)
  5 hydras
  3 two-headed ogres
  A necromancer (IceCv)
  2 oklob plants (Lair:3)
  A manticore (D:11)
  A cyclops (D:10)
  12 elephants
  A black mamba (Lair:4)
  4 ice statues (IceCv)
  Psyche (D:9)
  A molten gargoyle (Lair:3)
  4 komodo dragons
  7 spiny frogs
  4 rime drakes
  9 ice devils (IceCv)
  A troll (D:9)
  A tyrant leech (Lair:3)
  Grinder (D:5)
  8 blink frogs (Lair:1)
  6 hippogriffs
  A dream sheep (Lair:6)
  A spriggan (D:7)
  A shadow (D:11)
  2 wyverns
  A vampire (D:9)
  Sigmund (D:4)
  A fire bat (Volcano)
  23 yaks
  2 basilisks (Lair:5)
  2 hungry ghosts
  2 vampire mosquitoes (D:11)
  4 swamp worms (Lair:3)
  A soldier ant (D:11)
  5 water moccasins
  4 porcupines
  A swamp drake (D:11)
  7 orc warriors
  5 sky beasts
  An eye of draining (D:8)
  2 necrophages
  5 phantoms
  2 ice beasts
  4 ogres
  6 crocodiles
  4 centaurs
  A big kobold (D:10)
  8 bullfrogs
  2 gnoll sergeants (D:7)
  4 scorpions
  5 electric eels
  3 howler monkeys (D:10)
  5 wights (D:6)
  2 centaur zombies (D:10)
  7 crimson imps
  A draconian simulacrum (IceCv)
  4 lava snakes (Volcano)
  A quasit (D:8)
  A bullfrog zombie (D:11)
  8 orc wizards
  5 orc priests
  A bullfrog skeleton (D:10)
  2 centaur skeletons
  5 hounds
  4 jellies
  5 iguanas
  4 worker ants
  7 hell rats (Lair:2)
  A troll simulacrum (IceCv)
  A centaur simulacrum (IceCv)
  2 hound zombies (D:5)
  A hound skeleton (D:9)
  2 worker ant zombies
  7 gnolls
  5 naga simulacra (IceCv)
  2 ogre simulacra (IceCv)
  7 adders
  2 oozes
  An adder zombie (D:10)
  An adder skeleton (D:4)
  2 worms (D:2)
  3 dart slugs
  4 leopard geckos
  42 orcs
  2 ball pythons
  4 bats
  4 giant cockroaches
  2 gnoll zombies (D:3)
  13 goblins
  7 hobgoblins
  17 jackals
  6 quokkas
  6 frilled lizards
  A jackal zombie (D:5)
  13 kobolds
  5 rats
  A fungus (Lair:6)
  2 plants
413 creatures vanquished.

Vanquished Creatures (others)
  2 fungi (Lair:3)
  4 plants
6 creatures vanquished.

Grand Total: 419 creatures vanquished

Notes
Turn   | Place    | Note
-------+----------+-------------------------------------------
     0 | D:1      | peaced01 the Draconian Fire Elementalist began the quest
                  | for the Orb.
     0 | D:1      | Reached XP level 1. HP: 14/14 MP: 3/3
   129 | D:1      | Reached XP level 2. HP: 10/20 MP: 5/5
  1220 | D:2      | Reached XP level 3. HP: 19/26 MP: 0/6
  2466 | D:2      | Found a glowing silver altar of Zin.
  2632 | D:2      | Reached XP level 4. HP: 27/33 MP: 7/7
  2773 | D:2      | HP: 1/33 [gnoll (3)]
  3133 | D:2      | Found an iron altar of Okawaru.
  3446 | D:3      | Reached XP level 5. HP: 37/38 MP: 9/9
  3452 | D:3      | Found a shimmering altar of Xom.
  3565 | D:3      | Found a basalt altar of Yredelemnul.
  3850 | D:3      | Found a sparkling altar of Nemelex Xobeh.
  4053 | D:4      | Noticed a phantom
  4063 | D:4      | Killed a phantom
  4063 | D:4      | Reached skill level 4 in Fire Magic
  4217 | D:4      | Reached XP level 6. HP: 27/45 MP: 7/11
  4335 | D:4      | Learned a level 3 spell: Conjure Flame
  4427 | D:4      | Noticed Sigmund
  4444 | D:4      | Killed Sigmund
  4532 | D:4      | Found a bloodstained altar of Trog.
  4604 | D:4      | Your scales start taking on a pale cyan-grey colour.
  4604 | D:4      | Reached skill level 5 in Fire Magic
  4604 | D:4      | Reached XP level 7. HP: 23/50 MP: 9/12
  5231 | D:5      | Entered Level 5 of the Dungeon
  5787 | D:5      | Reached skill level 6 in Fire Magic
  6294 | D:5      | Noticed Grinder
  6298 | D:5      | Killed Grinder
  6298 | D:5      | Reached XP level 8. HP: 48/57 MP: 11/15
  6518 | D:5      | Learned a level 4 spell: Sticky Flame
  6599 | D:6      | Reached skill level 5 in Conjurations
  6640 | D:6      | Reached skill level 5 in Spellcasting
  6655 | D:6      | Reached skill level 5 in Dodging
  6830 | D:6      | Found Vus Ukhu's General Store.
  7168 | D:6      | Reached skill level 7 in Fire Magic
  7350 | D:6      | Found a snail-covered altar of Cheibriados.
  7616 | D:6      | Reached XP level 9. HP: 60/62 MP: 17/17
  7831 | D:6      | Found a staircase to the Ecumenical Temple.
  7836 | Temple   | Entered the Ecumenical Temple
  7933 | Temple   | Became a worshipper of Sif Muna the Loreminder
  8971 | D:7      | Found a hide-covered altar of Uskayaw.
  9365 | D:7      | Reached skill level 8 in Fire Magic
  9533 | D:8      | Found Tauves's Antique Weapon Boutique.
  9667 | D:8      | Reached * piety under Sif Muna
 10051 | D:8      | Found a burning altar of Makhleb.
 10127 | D:6      | Bought a scroll of teleportation for 33 gold pieces
 10127 | D:6      | Bought a scroll of teleportation for 33 gold pieces
 10127 | D:6      | Bought an uncursed staff of fire for 275 gold pieces
 10490 | D:8      | Found a radiant altar of Vehumet.
 10670 | D:9      | Noticed a troll
 10683 | D:9      | Killed a troll
 11045 | D:9      | Reached XP level 10. HP: 51/69 MP: 6/20
 11137 | D:9      | Found a staircase to the Lair.
 11153 | D:9      | Reached ** piety under Sif Muna
 11230 | D:9      | Learned a level 5 spell: Fireball
 11428 | D:9      | Noticed Psyche
 11428 | D:9      | Noticed a two-headed ogre
 11433 | D:9      | Killed Psyche
 11433 | D:9      | Reached skill level 9 in Fire Magic
 11435 | D:9      | Killed a two-headed ogre
 11655 | D:9      | Found Jaodes's Weapon Shoppe.
 11851 | D:9      | Found a stormy altar of Qazlal.
 12114 | D:10     | Entered Level 10 of the Dungeon
 12127 | D:10     | Reached *** piety under Sif Muna
 12129 | D:10     | Noticed a two-headed ogre
 12140 | D:10     | Killed a two-headed ogre
 12268 | D:10     | Reached XP level 11. HP: 74/74 MP: 19/23
 12294 | D:10     | Reached skill level 10 in Fire Magic
 13314 | D:11     | Noticed Erica
 13319 | D:11     | Killed Erica
 13319 | D:11     | Reached skill level 1 in Invocations
 13425 | D:11     | Noticed a two-headed ogre
 13428 | D:11     | Killed a two-headed ogre
 13584 | D:11     | Reached **** piety under Sif Muna
 14194 | D:11     | Found a staircase to the Orcish Mines.
 14763 | Lair:1   | Entered Level 1 of the Lair of Beasts
 15177 | Lair:1   | Found a runed gate.
 15178 | Lair:1   | Found a runed gate.
 15180 | Lair:1   | Found a runed gate.
 15182 | Lair:1   | Noticed Cylief's ghost (journeyman HaHu)
 15745 | Lair:2   | Reached skill level 11 in Fire Magic
 15992 | Lair:2   | Reached XP level 12. HP: 81/81 MP: 25/25
 16050 | Lair:2   | Found a dark tunnel.
 16059 | Volcano  | Entered a volcano
 16967 | Lair:2   | Found the +3 robe of Folly {Archmagi, MR-- Int+5}
 17339 | Lair:3   | Noticed a seven-headed hydra
 17343 | Lair:3   | Killed a seven-headed hydra
 17573 | Lair:3   | Reached skill level 10 in Conjurations
 17809 | Lair:3   | Noticed a four-headed hydra
 17813 | Lair:3   | Killed a four-headed hydra
 17813 | Lair:3   | Reached ***** piety under Sif Muna
 17813 | Lair:3   | Reached skill level 5 in Invocations
 17939 | Lair:3   | Found a frozen archway.
 17945 | IceCv    | Entered an ice cave
 18001 | IceCv    | Received a gift from Sif Muna
 18052 | IceCv    | Learned a level 6 spell: Bolt of Fire
 19676 | Lair:3   | Reached skill level 10 in Spellcasting
 19700 | Lair:3   | Reached skill level 10 in Dodging
 19984 | Lair:3   | Found a staircase to the Swamp.
 20236 | Lair:3   | Reached skill level 12 in Fire Magic
 20534 | Lair:4   | You fall through a shaft!
 20544 | Lair:5   | Reached XP level 13. HP: 58/86 MP: 25/27
 21138 | Lair:4   | Found a staircase to the Snake Pit.
 21354 | Lair:3   | Learned a level 4 spell: Throw Icicle
 23004 | Lair:5   | Found a staircase to the Slime Pits.
 23006 | Lair:5   | Found a viscous altar of Jiyva.
 23328 | Lair:6   | Entered Level 6 of the Lair of Beasts
 23706 | Lair:5   | Mangled by a komodo dragon

Skill      XL: |  1  2  3  4  5  6  7  8  9 10 11 12 13 |
---------------+----------------------------------------+-----
Dodging        | 2 3 4 5 6 8 9 10 | 10.6
Conjurations   | 2 3 4 5 7 8 9 10 11 | 11.3
Spellcasting   | 3 4 5 6 8 9 10 | 10.6
Fire Magic     | 4 5 6 7 8 9 11 12 | 12.6
Invocations    | 4 6 7 |  7.9
Stealth        | |  1.7

Action                   |  1- 3 |  4- 6 |  7- 9 | 10-12 | 13-15 || total
-------------------------+-------+-------+-------+-------+-------++-------
Melee: Spear             |   103 |       |       |       |       ||   103
       Tailslap          |     9 |     9 |    12 |    22 |     8 ||    60
       Dagger            |    28 |       |       |       |       ||    28
       Trident           |    11 |   128 |   237 |    85 |    24 ||   485
       Staff             |       |       |       |   109 |     1 ||   110
 Cast: Flame Tongue      |    18 |    40 |   135 |   170 |     9 ||   372
       Conjure Flame     |       |       |     8 |     3 |       ||    11
       Sticky Flame      |       |       |    21 |    78 |    13 ||   112
       Fireball          |       |       |       |    70 |    17 ||    87
       Bolt of Fire      |       |       |       |    32 |    29 ||    61
       Throw Icicle      |       |       |       |       |     5 ||     5
Invok: Channel Magic     |       |       |       |     2 |     2 ||     4
 Abil: Breathe Steam     |       |       |     9 |    14 |     4 ||    27
  Use: Potion            |       |     2 |       |     2 |     3 ||     7
       Scroll            |       |       |       |    25 |     1 ||    26
 Stab: Sleeping          |     2 |     1 |     8 |     1 |     1 ||    13
  Eat: Chunk             |     4 |     5 |     9 |    21 |     9 ||    48
       Ration            |       |     1 |     5 |    15 |     6 ||    27
Armor: Skin              |    45 |    66 |    62 |    95 |    20 ||   288
Dodge: Dodged            |    83 |    86 |   169 |   282 |    84 ||   704
Block: Buckler           |       |       |       |    14 |    34 ||    48
